 Dungeon Crawl Stone Soup version 0.30.1-11-g7821555f0a (webtiles) character file.

Game seed: 7156510712333300696

27794 Peloso the Fencer (level 13, -3/118 HPs)
             Began as a Minotaur Fighter on Dec 16, 2023.
             Was the Champion of Okawaru.
             Slain by an orc knight
             ... wielding a +0 great sword
              (11 damage)
             ... on level 1 of the Orcish Mines.
             The game lasted 00:27:47 (16733 turns).

Peloso the Fencer (Minotaur Fighter)               Turns: 16733, Time: 00:27:48

Health: -3/118     AC: 21    Str: 22    XL:     13   Next: 6%
Magic:  3/3        EV: 10    Int:  8    God:    Okawaru [******]
Gold:   949        SH:  8    Dex: 21    Spells: 12/12 levels left

rFire   . . .        a - +5 long sword of Massacring {drain, MP-9 Dex+7}
rCold   + . .        c - +0 buckler
rNeg    . . .        K - +0 plate armour
rPois   +            (helmet restricted)
rElec   .            w - +0 cloak
rCorr   .            L - +0 pair of gloves
SInv    .            N - +1 pair of boots of the Bouncing Beasts {Int+3}
Will    .....        (no amulet) Stlth
                     h - ring of poison resistance
HPRegen 0.39/turn    j - ring of protection from cold
MPRegen 0.08/turn

%: no passive effects
@: no status effects
A: horns 2, retaliatory headbutt
a: Renounce Religion, Heroism, Finesse, Duel


You were on level 1 of the Orcish Mines.
You worshipped Okawaru.
Okawaru was exalted by your worship.
You visited 4 branches of the dungeon, and saw 17 of its levels.
You also visited: Ossuary.

You collected 1045 gold pieces.
You spent 96 gold pieces at shops.

Inventory:

Hand Weapons
 a - the +5 long sword of Massacring (weapon) {drain, MP-9 Dex+7}
   (You took it off an orc on level 8 of the Dungeon)

   Dex:       It affects your dexterity (+7).
   MP:        It affects your magic capacity (-9).
 b - a +1 long sword of protection
Armour
 c - a +0 buckler (worn)
 w - a +0 cloak (worn)
 K - a +0 plate armour (worn)
 L - a +0 pair of gloves (worn)
 N - the +1 pair of boots of the Bouncing Beasts (worn) {Int+3}
   (You found it on level 10 of the Dungeon)

   Int:       It affects your intelligence (+3).
Jewellery
 h - a ring of poison resistance (left hand)
 j - a ring of protection from cold (right hand)
 q - an amulet of faith
 s - a +5 ring of evasion
 M - an amulet of guardian spirit
 O - an amulet of reflection
 P - a ring of willpower
 R - a +4 ring of protection
 T - a ring of flight
 V - a ring of ice
Wands
 e - a wand of mindburst (19)
 p - a wand of polymorph (16)
 x - a wand of digging (5)
 y - a wand of acid (10)
 C - a wand of paralysis (19)
 S - a wand of iceblast (6)
Scrolls
 f - 4 scrolls of enchant weapon
 g - 4 scrolls of immolation
 l - 8 scrolls of teleportation
 m - 4 scrolls of blinking
 r - a scroll of magic mapping
 t - 2 scrolls of fog
 u - 2 scrolls of amnesia
 v - 5 scrolls of fear
 D - 4 scrolls of enchant armour
 G - a scroll of brand weapon
 H - a scroll of acquirement
 J - 2 scrolls of poison
Potions
 d - 3 potions of might
 k - 3 potions of mutation
 n - 2 potions of heal wounds
 o - 4 potions of flight
 z - 5 potions of curing
 A - 2 potions of cancellation
 B - 12 potions of ambrosia
 E - 2 potions of haste
 F - a potion of magic
 Q - a potion of berserk rage
 U - 2 potions of invisibility
 X - a potion of resistance


   Skills:
 + Level 12.1 Fighting
 + Level 15.4 Long Blades
 + Level 13.3 Armour
 + Level 6.3 Dodging
 + Level 1.5 Stealth
 + Level 11.8 Shields
 + Level 0.7 Invocations


You had 12 spell levels left.
You didn't know any spells.
Your spell library contained the following spells:

 Spells                   Type           Power      Damage    Failure   Level
 Apportation              Tloc           0%         N/A       99%         1
 Freeze                   Ice            0%         1d3       99%         1
 Kiss of Death            Conj/Necr      0%         2d5       99%         1
 Magic Dart               Conj           0%         1d3       99%         1
 Necrotise                Necr           0%         1d4       99%         1
 Dazzling Flash           Conj/Hex       0%         N/A       100%        3
 Frozen Ramparts          Ice            0%         1d1       100%        3
 Hailstorm                Conj/Ice       0%         3d3       100%        3
 Mephitic Cloud           Conj/Pois/Air  0%         N/A       100%        3
 Portal Projectile        Hex/Tloc       0%         N/A       100%        3
 Ice Form                 Ice/Tmut       0%         N/A       100%        4
 Leda's Liquefaction      Hex/Erth       0%         N/A       100%        4
 Agony                    Necr           0%         N/A       100%        5
 Blade Hands              Tmut           0%         N/A       100%        5
 Fireball                 Conj/Fire      0%         3d3       100%        5
 Irradiate                Conj/Tmut      0%         3d11      100%        5
 Lee's Rapid Deconstruct  Erth           0%         3d4*      100%        5
 Silence                  Hex/Air        0%         N/A       100%        5
 Statue Form              Tmut/Erth      0%         N/A       100%        6
 Dragon Form              Tmut           0%         N/A       100%        7
 Chain Lightning          Conj/Air       0%         N/A       100%        9
 Summon Small Mammal      Summ           Unusable   N/A       N/A         1
 Call Imp                 Summ           Unusable   N/A       N/A         2
 Tukima's Dance           Hex            Unusable   N/A       N/A         3
 Summon Ice Beast         Ice/Summ       Unusable   N/A       N/A         4

Dungeon Overview and Level Annotations

Branches:
Dungeon (12/15)            Temple (1/1) D:6            Lair (3/5) D:8
 Shoals (0/4) Lair:2        Snake (0/4) Lair:3          Orc (1/2) D:12
Ossuary (visited)

Altars:
Ashenzari
Cheibriados
Dithmenos
Elyvilon
Fedhas
Gozag
Hepliaklqana
Kikubaaqudgha
Makhleb
Nemelex Xobeh
Okawaru
Qazlal
Ru
Sif Muna
Trog
Uskayaw
Vehumet
Wu Jian
Xom
Yredelemnul
Zin
The Shining One

Shops:
D:2 :!(   D:5 *   D:7 *   D:8 (=:   D:9 :

Annotations:
D:11 2 transporters, ripuliukko's ghost, novice GrEE
Lair:1 3 runed translucent doors, bimbombam's ghost, journeyman DrCj


Innate Abilities, Weirdness & Mutations

You have a pair of horns on your head.
You reflexively headbutt those who attack you in melee.


Message History

* * * LOW HITPOINT WARNING * * *
You block the orc priest's attack.
The orc priest calls down the wrath of Beogh upon you.
Beogh smites you!
* * * LOW HITPOINT WARNING * * *
The orc priest hits you but does no damage.
The warg completely misses you.
You hear a shout!
You feel much better.
The ynoxinul gestures.
The orc priest calls down the wrath of Beogh upon you.
You resist with significant effort.
The orc knight roars a battlecry!
The orcs go into a battle-frenzy!
Something closely misses the ufetubus.
The orc priest misses you. The warg closely misses you.
You furiously retaliate!
You headbutt the warg.
You hear a shout! x2
The orc priest attacks as you move away!
The orc priest hits you but does no damage.
The warg attacks as you move away! You block the warg's attack.
An orc wizard comes into view. It is wielding a +0 dagger.
The orc wizard shouts!
The ynoxinul gestures.
The orc sorcerer hits you but does no damage.
Something hits the ynoxinul.
The orc priest hits you with a +0 whip!
* * * LOW HITPOINT WARNING * * *
An orc priest comes into view. It is wielding a +0 hand axe.
An orc comes into view. It is wielding a +0 club.
The orc hits you but does no damage.
There is a staircase back to the Dungeon, spattered with blood here.
The orc shouts!
You hear a shout!
The ufetubus disappears in a puff of smoke!
The warg bites you!
* * * LOW HITPOINT WARNING * * *
The orc sorcerer barely misses you. You block the orc priest's attack.
The orc knight roars a battlecry!
The orc knight goes into a battle-frenzy!
The orc priest looks satisfied for a moment.
The orc knight hits you with a +0 great sword!
You die...

...##.....
........$.
#......... ##
.......o. #..
........o ##.^.
######.....o.o
#.....#.##ooo......o
......5.o{)h@oo.....
......#.5ooo...#....
.......553##........
........5oo#.....##
.......55..#...$.#
..............#.##
..............###
..........#.#.


You could see 2 orc knights, a ynoxinul (summoned), a warg, an orc sorcerer
(strong), an orc warrior, 5 orc priests, an orc wizard (strong), 4 orcs and 6
ufetubi.

Vanquished Creatures
  2 dire elephants (Lair:2)
  Fannar (D:12)
  3 two-headed ogres
  An alligator (Lair:2)
  A skyshark (Lair:2)
  A cyclops (D:12)
  12 elephants
  A manticore (Lair:2)
  A black mamba (Lair:1)
  Joseph (D:8)
  2 gargoyles (D:12)
  A torpor snail (Lair:2)
  2 water nymphs (Lair:2)
  3 unseen horrors
  Maggie (D:8)
  3 komodo dragons
  6 cane toads
  A queen bee (D:10)
  A troll (D:11)
  A hornet (Lair:2)
  A shadow (D:12)
  A wraith (D:10)
  9 wyverns
  9 yaks
  3 basilisks (Lair:2)
  A vampire (D:10)
  A steam dragon (Lair:2)
  4 vampire mosquitoes (D:12)
  A warg (D:12)
  2 nagas (Lair:3)
  Duvessa (D:6)
  12 water moccasins
  5 orc warriors
  A sky beast (D:7)
  An ice beast (D:8)
  7 black bears
  2 ogres
  2 wolves (Lair:2)
  4 centaurs
  A phantom (D:6)
  4 kobold brigands
  9 bullfrogs
  2 gnoll sergeants
  2 scorpions
  A wight (D:8)
  Dowan (D:6)
  A jelly (D:6)
  25 killer bees (D:10)
  A howler monkey (D:7)
  7 crimson imps (D:10)
  2 hounds
  2 gnoll boudas
  Crazy Yiuf (D:6)
  6 orc priests
  5 iguanas
  A sleepcap (D:8)
  10 orc wizards
  13 mummies (Ossuary)
  Robin (D:4)
  24 gnolls
  3 adders
  2 shadow imps
  6 white imps
  2 ufetubi (D:6)
  3 worms
  6 dart slugs
  45 orcs
  3 endoplasms
  2 giant cockroaches (D:2)
  10 goblins
  18 hobgoblins
  5 jackals
  7 quokkas
  4 ball pythons
  7 bats
  7 frilled lizards
  2 gnoll skeletons (Ossuary)
  2 goblin skeletons (Ossuary)
  20 kobolds
  A kobold skeleton (Ossuary)
  3 orc skeletons (Ossuary)
  7 rats
  11 rat skeletons (Ossuary)
407 creatures vanquished.

Notes
Turn   | Place    | Note
-------+----------+-------------------------------------------
     0 | D:1      | Peloso the Minotaur Fighter began the quest for the Orb.
     0 | D:1      | Reached XP level 1. HP: 19/19 MP: 0/0
   224 | D:1      | Reached XP level 2. HP: 27/27 MP: 1/1
   485 | D:1      | Reached skill level 3 in Long Blades
   496 | D:1      | Reached XP level 3. HP: 33/33 MP: 2/2
   899 | D:2      | Found Uramaet's Antique Weapon Emporium.
  1206 | D:2      | Found Uxogaq's Distillery.
  1289 | D:2      | Found Nete Cej's Book Boutique.
  1378 | D:2      | Reached skill level 4 in Long Blades
  1378 | D:2      | Reached XP level 4. HP: 35/40 MP: 3/3
  2019 | D:2      | Bought a potion of mutation for 96 gold pieces
  2337 | D:3      | Found a basalt altar of Yredelemnul.
  2406 | D:3      | Found a sacrificial altar of Ru.
  2498 | D:3      | Reached XP level 5. HP: 35/47 MP: 4/4
  3326 | D:4      | Noticed an ogre
  3331 | D:4      | Killed an ogre
  3332 | D:4      | Reached skill level 5 in Long Blades
  3332 | D:4      | Reached skill level 5 in Armour
  3475 | D:4      | Reached XP level 6. HP: 41/53 MP: 5/5
  3715 | D:4      | Noticed Robin
  3731 | D:4      | Killed Robin
  3758 | D:4      | HP: 1/55 [gnoll/+0 halberd[a gnoll bouda] (3)]
  3973 | D:4      | Reached skill level 1 in Dodging
  4164 | D:4      | Reached skill level 5 in Fighting
  4221 | D:4      | Found a burning altar of Makhleb.
  4221 | D:4      | Noticed a balrug
  4224 | D:4      | Noticed a smoke demon
  4224 | D:4      | Noticed a smoke demon
  4466 | D:5      | Entered Level 5 of the Dungeon
  4517 | D:5      | Reached skill level 6 in Long Blades
  4521 | D:5      | Reached XP level 7. HP: 32/61 MP: 6/6
  5293 | D:5      | Found Xesyd's General Store.
  5602 | D:6      | Found a glowing golden altar of the Shining One.
  5614 | D:6      | Found a bloodstained altar of Trog.
  5615 | D:6      | Found a snail-covered altar of Cheibriados.
  5663 | D:6      | Reached skill level 7 in Long Blades
  5664 | D:6      | Found a staircase to the Ecumenical Temple.
  5681 | Temple   | Entered the Ecumenical Temple
  5722 | Temple   | Became a worshipper of Warmaster Okawaru
  5751 | D:6      | Reached XP level 8. HP: 56/70 MP: 7/7
  5751 | D:6      | Found a shimmering altar of Xom.
  5856 | D:6      | Found a shadowy altar of Dithmenos.
  6002 | D:6      | Found a runed translucent door.
  6003 | D:6      | Noticed Crazy Yiuf
  6172 | D:6      | Noticed Duvessa
  6172 | D:6      | Noticed Dowan
  6184 | D:6      | Killed Duvessa
  6185 | D:6      | Reached skill level 5 in Shields
  6198 | D:6      | Killed Dowan
  6525 | D:6      | Killed Crazy Yiuf
  6526 | D:6      | Reached skill level 8 in Long Blades
  6665 | D:7      | Reached * piety under Okawaru
  6827 | D:7      | Found Fegiupre's CLEARANCE SALE!.
  7252 | D:8      | Noticed a two-headed ogre
  7258 | D:8      | Killed a two-headed ogre
  7258 | D:8      | Reached ** piety under Okawaru
  7259 | D:8      | Reached skill level 9 in Long Blades
  7259 | D:8      | Reached XP level 9. HP: 46/78 MP: 8/8
  7299 | D:8      | Reached *** piety under Okawaru
  7300 | D:8      | Reached skill level 10 in Long Blades
  7310 | D:8      | Found a sand-covered staircase.
  7333 | Ossuary  | Entered an ossuary
  7985 | Ossuary  | Identified a scroll of acquirement
  8246 | D:8      | Found a staircase to the Lair.
  8261 | D:8      | Found Dirihuti's Jewellery Emporium.
  8290 | D:8      | Identified the +5 long sword of Massacring {drain, MP-9
                  | Dex+7}
  8338 | D:8      | Noticed Joseph
  8359 | D:8      | Reached skill level 11 in Long Blades
  8367 | D:8      | Killed Joseph
  8416 | D:8      | Noticed a walking frostbound tome
  8417 | D:8      | Found Xeirph's Book Boutique.
  8420 | D:8      | Noticed a walking earthen tome
  8498 | D:8      | Reached XP level 10. HP: 55/86 MP: 0/9
  8630 | D:8      | Reached skill level 5 in Dodging
  8783 | D:8      | Noticed Maggie
  8790 | D:8      | Killed Maggie
  8791 | D:8      | Reached skill level 1 in Stealth
  8874 | D:8      | Found Vyakhlael's Weapon Emporium.
  9043 | D:9      | Noticed a two-headed ogre
  9057 | D:9      | Killed a two-headed ogre
  9379 | D:9      | Reached skill level 12 in Long Blades
  9683 | D:9      | Found Asutz's Self-Improvement Boutique.
  9822 | D:10     | Entered Level 10 of the Dungeon
  9863 | D:10     | Reached **** piety under Okawaru
  9868 | D:10     | Identified the +1 pair of boots of the Bouncing Beasts
                  | {Int+3}
 10138 | D:10     | Reached skill level 10 in Armour
 10138 | D:10     | Received a gift from Okawaru
 10166 | D:10     | Reached ***** piety under Okawaru
 10560 | D:10     | Reached XP level 11. HP: 91/95 MP: 1/10
 10920 | D:11     | Received a gift from Okawaru
 10921 | D:11     | Reached skill level 13 in Long Blades
 11114 | D:11     | Found a transporter.
 11119 | D:11     | Noticed ripuliukko's ghost (novice GrEE)
 11218 | D:11     | Found a transporter.
 11691 | Lair:1   | Entered Level 1 of the Lair of Beasts
 12035 | Lair:1   | Reached skill level 10 in Fighting
 12035 | Lair:1   | Reached skill level 14 in Long Blades
 12180 | Lair:1   | Found a runed translucent gate.
 12181 | Lair:1   | Found a runed translucent gate.
 12183 | Lair:1   | Found a runed translucent gate.
 12208 | Lair:1   | Noticed a minotaur
 12208 | Lair:1   | Noticed bimbombam's ghost (journeyman DrCj)
 12454 | Lair:2   | Received a gift from Okawaru
 12462 | Lair:2   | Reached ****** piety under Okawaru
 12478 | Lair:2   | Reached skill level 10 in Shields
 12578 | Lair:2   | Reached XP level 12. HP: 106/107 MP: 2/11
 12869 | Lair:2   | Noticed a dire elephant
 13174 | Lair:2   | Killed a dire elephant
 13420 | Lair:2   | Noticed an alligator
 13420 | Lair:2   | Noticed a dire elephant
 13467 | Lair:2   | Received a gift from Okawaru
 13797 | Lair:2   | Killed a dire elephant
 14256 | Lair:2   | Reached skill level 15 in Long Blades
 14284 | Lair:2   | Killed an alligator
 14523 | Lair:3   | Found a staircase to the Snake Pit.
 14622 | Lair:3   | Identified the +1 hand crossbow "Ogreslayer" {penet,
                  | Fragile rPois rC++ rCorr} (Okawaru gifted it to you on
                  | level 3 of the Lair of Beasts)
 14622 | Lair:3   | Received a gift from Okawaru
 15599 | D:12     | Got Hyus's Tome of the Shot
 15751 | D:12     | Found a staircase to the Orcish Mines.
 16079 | D:12     | Noticed a two-headed ogre
 16091 | D:12     | Killed a two-headed ogre
 16092 | D:12     | Reached XP level 13. HP: 77/118 MP: 3/12
 16259 | D:12     | Noticed Fannar
 16280 | D:12     | Killed Fannar
 16714 | Orc:1    | Entered Level 1 of the Orcish Mines
 16727 | Orc:1    | Paralysed by an orc sorcerer for 3 turns
 16733 | Orc:1    | Slain by an orc knight

Illustrated notes

Levels and vault maps discovered:
D:1:      nzn_arrival_settlement, layout_basic, nicolae_figureground_sparkle
D:2:      layout_basic, serial_shops, shop, shop, nicolae_shop_back_alley_shop,
          kennysheep_generic_room_15
D:3:      layout_loops_ring, nicolae_ru_the_path_less_chosen,
          yredelemnul_altar_generic, grunt_decor_resistance,
          kennysheep_flooded_box, chequers_serial_rivers_room_a
D:4:      layout_loops_cross, makhleb_altar_promises_db, uniq_robin
D:5:      layout_loops_ring, minmay_misc_feat_x, nicolae_take_the_stairs
D:6:      layout_gridville, grunt_temple_overflow_open, temple_statues,
          uniq_duvessa, uniq_crazy_yiuf_cottage
D:7:      layout_gridville, nicolae_shop_clearance
D:8:      layout_basic, david_lair_generic, serial_shops, shop,
          nicolae_shop_mannequins, nicolae_lakefront_shop,
          lightli_ossuary_entry_decrepit_ruins,
          minmay_fractal_squares_diagonal_5, uniq_joseph, uniq_maggie
D:9:      layout_basic, serial_corexii_hall, chequers_hall_statues_corner_a,
          chequers_hall_statues_y, nicolae_shop_self_help
D:10:     layout_roguey [special_room_bee], chequers_decorated_corner,
          minmay_nine_imps
D:11:     layout_loops_ring, gammafunk_ghost_stat_death
D:12:     layout_irregular_city, erik_orc_3, uniq_fannar
Temple:   compressed_dpeg_circular_temple
Lair:1:   layout_misc_corridors, maelrawn_ghost_gauntlet_escape, minivault_25,
          patterned_corridor, grunt_megastairs_1
Lair:2:   layout_chaotic_city, nicolae_shoals_entry_flooding,
          nicolae_lair_lakeside_cave, grunt_megastairs_3, serial_bayou_shore_b
Lair:3:   layout_roguey, guppyfry_snake_entry_island, infiniplex_staircase_pool
Orc:1:    layout_caves

Skill      XL: |  1  2  3  4  5  6  7  8  9 10 11 12 |
---------------+-------------------------------------+-----
Armour         | 4 5 7 8 9 10 11 13 | 13.3
Fighting       | 4 5 6 7 8 10 12 | 12.1
Long Blades    | 3 4 5 6 7 9 11 12 14 15 | 15.4
Shields        | 4 6 8 10 11 | 11.8
Dodging        | 1 2 4 5 6 |  6.3
Stealth        | 1 |  1.5
Invocations    | |  0.7

Action                     |  1- 3 |  4- 6 |  7- 9 | 10-12 | 13-15 || total
---------------------------+-------+-------+-------+-------+-------++-------
  Melee: Long sword        |   103 |   187 |   374 |   625 |    24 ||  1313
         Headbutt          |    14 |    27 |    82 |   158 |     7 ||   288
 Invoke: Heroism           |       |       |     4 |     1 |       ||     5
    Use: Scroll            |     2 |    11 |     6 |    10 |     1 ||    30
         Potion            |       |       |     1 |     5 |     1 ||     7
 Armour: Scale mail        |    37 |   138 |   173 |     4 |       ||   352
         Plate armour      |       |       |       |   428 |    15 ||   443
  Dodge: Dodged            |    46 |   107 |   203 |   241 |    16 ||   613
  Block: Buckler           |    24 |    56 |   122 |   240 |    12 ||   454
